 Dungeon Crawl Stone Soup version 0.30-a0-272-gf98c3da03f (webtiles) character file.

Game seed: 15604090283315748217

961 lunkers the Basher (level 8, 0/63 HPs)
             Began as a Meteoran Wanderer on Oct 15, 2022.
             Was an Initiate of Hepliaklqana.
             Slain by a black bear (1 damage)
             ... on level 5 of the Dungeon.
             The game lasted 00:06:32 (1728 turns).

lunkers the Basher (Meteoran Wanderer)              Turns: 1728, Time: 00:06:32

Health: 0/63       AC:  5    Str: 18    XL:     8   Next: 64%
Magic:  16/16      EV:  9    Int: 17    God:    Hepliaklqana [......]
Gold:   133        SH:  0    Dex: 18    Spells: 16/17 levels left

rFire   . . .      SeeInvis .    a - +2 mace (drain)
rCold   . . .      Faith    .    (no shield)
rNeg    . . .      Spirit   .    d - +2 scale mail
rPois   .          Reflect  .    s - +1 hat {Will+}
rElec   +          Harm     .    (no cloak)
rCorr   .          Rampage  .    (no gloves)
Will    ++...                    (no boots)
Stlth   +.........               (no amulet)
HPRegen 0.30/turn                h - ring of Arghuraly {rElec Str+6 Int+4}
MPRegen 0.15/turn                (no ring)

@: corroded, glowing
A: sense surroundings 1, otherworldly, glowing, explore regen
a: Renounce Religion


You were on level 5 of the Dungeon.
You worshipped Hepliaklqana.
Hepliaklqana was noncommittal.
You visited 1 branch of the dungeon, and saw 5 of its levels.

You collected 133 gold pieces.

Inventory:

Hand Weapons
 a - a +2 mace of draining (weapon)
 j - a +0 dagger
Missiles
 k - 11 poisoned darts
 n - 31 stones
Armour
 d - a +2 scale mail (worn)
 p - a +0 ring mail of cold resistance
 q - a +0 helmet
 s - a +1 hat of willpower (worn)
Jewellery
 h - the ring of Arghuraly (left hand) {rElec Str+6 Int+4}
   (You found it on level 2 of the Dungeon)

   [ring of strength]

   Str:       It affects your strength (+6).
   Int:       It affects your intelligence (+4).
   rElec:     It insulates you from electricity.
 t - a ring of protection from cold
Wands
 u - a wand of digging (3)
Scrolls
 b - 2 scrolls of butterflies
 c - a scroll of vulnerability
Potions
 f - a potion of magic


   Skills:
 - Level 3.2 Fighting
 - Level 3.0 Short Blades
 + Level 11.1 Maces & Flails
 - Level 2.4 Armour
 - Level 1.0 Stealth
 - Level 5.3 Spellcasting


You had 16 spell levels left.
You knew the following spells:

 Your Spells              Type           Power      Damage    Failure   Level
p - Freeze                Ice            16%        1d4       41%         1

Your spell library contained the following spells:

 Spells                   Type           Power      Damage    Failure   Level
 Ozocubu's Armour         Ice            4%         N/A       80%         3


Dungeon Overview and Level Annotations

Branches:
Dungeon (5/15) Zot: 1254
 Temple: D:4-7

Altars:
Hepliaklqana

Annotations:
D:4 3 runed translucent doors, Paroid's ghost, amateur MeEE


Innate Abilities, Weirdness & Mutations

You passively map a small area around you.
You are easily found by Zot.
You glow in the dark.
You regain HP and MP as you explore.


Message History

You hit the jelly but do no damage. You drain the jelly. The acid corrodes you!
Your hands burn!
* * * LOW HITPOINT WARNING * * *
The jelly is heavily wounded.
The black bear bites you but does no damage.
The black bear claws you.
* * * LOW HITPOINT WARNING * * *
The black bear barely misses you. The jelly closely misses you.
You hit the jelly. You drain the jelly.
Your hands burn!
* * * LOW HITPOINT WARNING * * *
The jelly is almost dead.
The black bear barely misses you. x2
The black bear claws you but does no damage.
The jelly barely misses you.
You hit the jelly but do no damage. You drain the jelly.
Your hands burn!
* * * LOW HITPOINT WARNING * * *
The jelly is almost dead.
The black bear bites you.
* * * LOW HITPOINT WARNING * * *
The black bear claws you but does no damage. x2
The jelly hits you but does no damage.
You hit the jelly but do no damage. The acid corrodes you!
Your hands burn!
* * * LOW HITPOINT WARNING * * *
The jelly is almost dead.
Okay, then.
You hit the jelly but do no damage. You drain the jelly.
You kill the jelly!
The black bear barely misses you. The black bear completely misses you.
The black bear barely misses you.
You closely miss the black bear. The black bear bites you.
* * * LOW HITPOINT WARNING * * *
The black bear claws you.
* * * LOW HITPOINT WARNING * * *
The black bear claws you.
* * * LOW HITPOINT WARNING * * *
As you read the scroll labelled LIASAC JOICK, it crumbles to dust.
It is a scroll of enchant weapon.
Your +1 mace of draining glows red for a moment.
The black bear bites you.
You die...

#############
##.....#..)..##
##........<.)h@## *
#........)).....#
#........)......# *
,, ,
#...............# * ,
#...............#*
#...............# , ,
....................
..........!........#.
.................###
*


You could see a black bear.

Vanquished Creatures
  2 yaks (D:4)
  A kobold brigand (D:4)
  A gnoll sergeant (D:5)
  A scorpion (D:4)
  A howler monkey (D:4)
  2 hounds
  An orc priest (D:4)
  A jelly (D:5)
  An iguana (D:3)
  Ijyb (D:4)
  3 orc wizards (D:4)
  Robin (D:3)
  5 adders
  5 gnolls
  2 worms
  3 dart slugs
  13 orcs
  6 endoplasms
  4 giant cockroaches
  21 goblins
  6 hobgoblins
  A quokka (D:1)
  2 ball pythons
  4 bats
  3 frilled lizards
  12 kobolds
  2 rats
105 creatures vanquished.

Vanquished Creatures (others)
  4 fungi (D:3)
  6 plants (D:3)
10 creatures vanquished.

Grand Total: 115 creatures vanquished

Notes
Turn   | Place    | Note
-------+----------+-------------------------------------------
     0 | D:1      | lunkers the Meteoran Wanderer began the quest for the Orb.
     0 | D:1      | lunkers set off with the following items: a +0 dagger, a
                  | scroll of butterflies, a scroll of vulnerability, a +2
                  | scale mail; and the following spell memorised: Freeze; and
                  | the following spells available to memorise: Ozocubu's
                  | Armour.
     0 | D:1      | Reached XP level 1. HP: 19/19 MP: 7/7
    57 | D:1      | Reached skill level 1 in Short Blades
    78 | D:1      | Reached XP level 2. HP: 24/26 MP: 9/9
   232 | D:1      | Reached XP level 3. HP: 26/31 MP: 10/10
   367 | D:2      | Identified the ring of Arghuraly {rElec Str+6 Int+4}
   512 | D:2      | Reached skill level 1 in Maces & Flails
   518 | D:2      | Reached XP level 4. HP: 35/38 MP: 12/12
   575 | D:2      | Reached skill level 2 in Maces & Flails
   949 | D:3      | Reached skill level 3 in Maces & Flails
   990 | D:3      | Noticed Robin
   995 | D:3      | Reached XP level 5. HP: 43/45 MP: 13/13
  1039 | D:3      | Reached skill level 4 in Maces & Flails
  1084 | D:3      | Killed Robin
  1162 | D:4      | Noticed a kobold brigand
  1182 | D:4      | Killed a kobold brigand
  1183 | D:4      | Reached skill level 5 in Maces & Flails
  1183 | D:4      | Reached XP level 6. HP: 25/51 MP: 14/14
  1223 | D:4      | Reached skill level 6 in Maces & Flails
  1236 | D:4      | Reached skill level 7 in Maces & Flails
  1236 | D:4      | Reached XP level 7. HP: 42/57 MP: 15/15
  1325 | D:4      | Noticed Ijyb
  1334 | D:4      | Killed Ijyb
  1370 | D:4      | Reached skill level 8 in Maces & Flails
  1433 | D:4      | Noticed Paroid's ghost (amateur MeEE)
  1442 | D:4      | Found a runed translucent gate.
  1442 | D:4      | Found a runed translucent gate.
  1442 | D:4      | Found a runed translucent gate.
  1464 | D:4      | Found a hazy altar of Hepliaklqana.
  1469 | D:4      | Became a worshipper of Hepliaklqana the Forgotten
  1487 | D:5      | Entered Level 5 of the Dungeon
  1541 | D:4      | Reached skill level 9 in Maces & Flails
  1603 | D:5      | Noticed a yak
  1606 | D:5      | Noticed a yak
  1607 | D:5      | Noticed a yak
  1615 | D:4      | Killed a yak
  1616 | D:4      | Reached XP level 8. HP: 63/63 MP: 16/16
  1617 | D:5      | Noticed a yak
  1627 | D:4      | Killed a yak
  1628 | D:4      | Reached skill level 10 in Maces & Flails
  1691 | D:5      | HP: 3/63 [gnoll/+0 spear[a gnoll sergeant] (4)]
  1696 | D:5      | HP: 3/63 [gnoll/+0 spear[a gnoll sergeant] (2)]
  1701 | D:5      | Reached skill level 11 in Maces & Flails
  1727 | D:5      | HP: 3/63 [black bear (2)]
  1727 | D:5      | HP: 1/63 [black bear (2)]
  1728 | D:5      | Slain by a black bear

Illustrated notes

Levels and vault maps discovered:
D:1:      lightli_arrival_noodles, layout_basic, nicolae_shop_vocational
D:2:      layout_loops_ring
D:3:      layout_loops_ring, shapermc_ecumenical_altar_mp_urbaneastern,
          corexii_shack, minmay_misc_feat_room, chequers_decorated_corner,
          nrook_loot_triangle, uniq_robin
D:4:      layout_basic, kennysheep_little_box, gammafunk_ghost_split,
          minmay_between, uniq_crazy_yiuf_cottage, uniq_menkaure, uniq_ijyb
D:5:      layout_rooms, ashenzari_conservatory_becter,
          gammafunk_temple_overflow_wave, minmay_temple_entry_stoned_glass,
          serial_shops, nicolae_shop_hallway_plus, gammafunk_ghost_grave

Skill      XL: |  1  2  3  4  5  6  7  8 |
---------------+-------------------------+-----
Short Blades   | 1 2 3 |  3.0
Maces & Flails | 1 3 5 7 9 11 | 11.1
Fighting       | |  3.2
Armour         | |  2.4
Stealth        | |  1.0
Spellcasting   | |  5.3

Action                   |  1- 3 |  4- 6 |  7- 9 || total
-------------------------+-------+-------+-------++-------
Melee: Dagger            |   121 |       |       ||   121
       Mace              |    14 |   114 |   118 ||   246
       Punch             |     2 |       |     3 ||     5
  Use: Scroll            |       |     1 |     8 ||     9
 Stab: Distracted        |       |     1 |       ||     1
Armor: Scale mail        |    70 |    77 |    65 ||   212
Dodge: Dodged            |    60 |    67 |    55 ||   182

Table legend: (Time is in decaauts)
 A = Elapsed time spent in this place.
 B = Non-inter-level travel time spent in this place.
 C = Inter-level travel time spent in this place.
 D = Time resting spent in this place.
 E = Time spent auto-exploring this place.
 F = Levels seen in this place.
 G = Mean time per level.
                   A        B        C        D        E       F      G
               +--------+--------+--------+--------+--------+-----+--------+
         Total |   1744 |   1727 |     17 |      0 |    697 |   5 |  348.8 |
       Dungeon |   1744 |   1727 |     17 |      0 |    697 |   5 |  348.8 |
               +--------+--------+--------+--------+--------+-----+--------+

Top non-repeatable levels by time:
     D:4: 509 daAuts
     D:2: 422 daAuts
     D:3: 382 daAuts
     D:1: 345 daAuts
     D:5: 84 daAuts
